 Dungeon Crawl Stone Soup version 0.23.2 (webtiles) character file.

Game seed: 9996503057548462292

77 Kairos the Insei (level 4, -2/28 HPs)
             Began as an Octopode Transmuter on Apr 9, 2019.
             Slain by a gnoll
             ... wielding a +0 spear
              (5 damage)
             ... on level 3 of the Dungeon.
             The game lasted 00:02:13 (2200 turns).

Kairos the Insei (Octopode Transmuter)              Turns: 2200, Time: 00:02:14

Health: -2/28      AC:  1    Str:  9    XL:     4   Next: 34%
Magic:  7/7        EV:  8    Int: 15    God:
Gold:   95         SH:  0    Dex: 13    Spells: 4/7 levels left

rFire    . . .     SeeInvis .     - Unarmed
rCold    . . .     Gourm    .   (no shield)
rNeg     . . .     Faith    .   i - +0 hat
rPois    .         Spirit   .   (no amulet)
rElec    .         Reflect  .   (no ring)
rCorr    .         Harm     .   (no ring)
MR       .....                  (no ring)
Stlth    +++.......             (no ring)
HPRegen  0.09/turn              (no ring)
MPRegen  0.10/turn              (no ring)
                                (no ring)
                                (no ring)

@: held
A: almost no armour, stealthy swim, amphibious, 8 rings, constrict 8, camouflage
1, gelatinous body 1
a: no special abilities


You were on level 3 of the Dungeon.
You were not hungry.

You visited 1 branch of the dungeon, and saw 3 of its levels.

You collected 95 gold pieces.

Inventory:

Missiles
 a - 80 arrows
 e - 3 curare-tipped needles
 l - 7 tomahawks (quivered)
Armour
 i - a +0 hat (worn)
Scrolls
 b - 3 scrolls of teleportation
 d - a scroll of immolation {unknown}
 h - 2 scrolls of identify {unknown}
 j - a scroll of enchant weapon {unknown}
 n - a scroll of remove curse {unknown}
Potions
 f - a potion of mutation {unknown}
 g - a potion of might
 k - a potion of agility {unknown}
 m - 2 potions of brilliance
 o - a potion of curing {unknown}
Comestibles
 c - 2 rations


   Skills:
 + Level 1.2 Fighting
 + Level 2.5 Dodging
 + Level 1.2 Stealth
 + Level 3.9 Unarmed Combat
 + Level 2.4 Spellcasting
 + Level 2.4 Transmutations


You had 4 spell levels left.
You knew the following spells:

 Your Spells              Type           Power        Failure   Level  Hunger
a - Beastly Appendage     Tmut           #.....       8%          1    #......
b - Sticks to Snakes      Tmut           #.......     12%         2    ###....

Your spell library contained the following spells:

 Spells                   Type           Power        Failure   Level  Hunger
 Spider Form              Tmut/Pois      #.........   36%         3    ###....
 Ice Form                 Ice/Tmut       #.......     78%         4    #####..
 Blade Hands              Tmut           #.........   91%         5    ######.


Dungeon Overview and Level Annotations

Branches:
Dungeon (3/15)

Altars:


Innate Abilities, Weirdness & Mutations

You cannot wear most types of armour.
You are very stealthy in the water. (Stealth+)
You are amphibious.
You can wear up to eight rings at the same time.
You can use your tentacles to constrict eight enemies at once.
Your skin changes colour to match your surroundings (Stealth+).
Your rubbery body absorbs attacks. (AC +1, EV +1)


Message History

You constrict the gnoll.
The gnoll escapes!
The leopard gecko barely misses you.
There are monsters nearby!
The gnoll throws a throwing net.
The throwing net hits you.
You become entangled in the net!
The gnoll hits you from afar with a +0 halberd!
You see here a throwing net.
You struggle against the net.
The leopard gecko bites you. The rat barely misses you.
You struggle against the net.
The gnoll hits you from afar with a +0 halberd!
* * * LOW HITPOINT WARNING * * *
The leopard gecko closely misses you.
The gnoll hits you from afar with a +0 spear.
* * * LOW HITPOINT WARNING * * *
The rat barely misses you.
You struggle against the net.
The leopard gecko barely misses you. The gnoll closely misses you.
The gnoll hits you from afar with a +0 spear.
You die...

... ########.#...# #.#
....#.....##.#.....# #.#
....#.....##.#..#### #.#
..........##.#.... #.#
.......... #.#...# #.#
.........# #.#...# #.#
#..)g..# #.#...# #.#
#..Kg.l# #...# #.#
#####.@# #...# #.#
######r†## #...# #.#
..........##.#...# #.#
###..........#...######.#
#.......####..........#
...............#######.#
###.####...####.#########
#. #..%# #........... #
#...# #..#########


You could see 2 gnolls, a leopard gecko, a kobold and a rat.

Vanquished Creatures
  3 adders (D:2)
  3 dart slugs
  2 leopard geckos (D:1)
  8 bats
  5 hobgoblins
  4 jackals (D:1)
  3 kobolds
  A quokka (D:2)
  4 frilled lizards
  6 goblins
  4 rats (D:2)
43 creatures vanquished.

Notes
Turn   | Place    | Note
-------+----------+-------------------------------------------
     0 | D:1      | Kairos the Octopode Transmuter began the quest for the Orb.
     0 | D:1      | Reached XP level 1. HP: 13/13 MP: 3/3
   105 | D:1      | Reached XP level 2. HP: 14/18 MP: 5/5
   482 | D:1      | Reached XP level 3. HP: 4/23 MP: 6/6
  1185 | D:2      | Learned a level 2 spell: Sticks to Snakes
  1548 | D:2      | Reached XP level 4. HP: 25/28 MP: 7/7
  1655 | D:2      | Reached skill level 1 in Stealth
  2200 | D:3      | Slain by a gnoll

Skill      XL: |  1  2  3  4 |
---------------+-------------+-----
Stealth        | 1 |  1.2
Fighting       | |  1.2
Dodging        | |  2.5
Unarmed Combat | |  3.9
Spellcasting   | |  2.4
Transmutations | |  2.4

Action                   |  1- 3 |  4- 6 || total
-------------------------+-------+-------++-------
Melee: Unarmed           |    73 |    30 ||   103
       Constrict         |    27 |     8 ||    35
       Tentacles         |    16 |     5 ||    21
       Kick              |     7 |       ||     7
       Punch             |       |     1 ||     1
 Cast: Beastly Appendage |     3 |       ||     3
       Sticks to Snakes  |     3 |     1 ||     4
  Use: Potion            |       |     2 ||     2
       Scroll            |       |     1 ||     1
 Stab: Sleeping          |     6 |     4 ||    10
  Eat: Chunk             |     2 |       ||     2
       Ration            |       |     1 ||     1
Armor: Skin              |     8 |     1 ||     9
Dodge: Dodged            |    55 |    29 ||    84
